 Dungeon Crawl Stone Soup version 0.20.1-1-g8b1a95d66d (webtiles) character file.

1750 NullDivider the Covert (level 9, -2/59 HPs)
             Began as an Octopode Artificer on Dec 11, 2017.
             Was a Follower of Nemelex Xobeh.
             Shot with an arrow by a centaur (7 damage)
             ... on level 5 of the Dungeon.
             The game lasted 00:33:56 (7198 turns).

NullDivider the Covert (Octopode Artificer)         Turns: 7198, Time: 00:33:56

Health: -2/59      AC:  1    Str: 12    XL:     9   Next: 6%
Magic:  13/13      EV: 16    Int: 13    God:    Nemelex Xobeh [*.....]
Gold:   258        SH:  0    Dex: 15    Spells: 8/8 levels left

rFire    . . .     SeeInvis .   y - +2 dagger (venom)
rCold    . . .     Gourm    .   (no shield)
rNeg     . . .     Faith    .   (helmet restricted)
rPois    .         Spirit   .   (no amulet)
rElec    .         Reflect  .   (no ring)
rCorr    .         Harm     .   (no ring)
MR       .....                  (no ring)
Stlth    +++++.....             (no ring)
Regen    0.2/turn               (no ring)
MPRegen  0.2/turn               (no ring)
                                (no ring)
                                (no ring)

@: no status effects
A: almost no armour, stealthy swim, amphibious, 8 rings, constrict 8, camouflage
1, gelatinous body 1
a: Renounce Religion


You were on level 5 of the Dungeon.
You worshipped Nemelex Xobeh.
Nemelex Xobeh was aware of your devotion.
You were not hungry.

You visited 2 branches of the dungeon, and saw 6 of its levels.

You collected 258 gold pieces.

Inventory:

Hand Weapons
 y - a +2 dagger of venom (weapon)
 B - a +2 dagger of venom
Armour
 a - a +2 shield
Wands
 b - a wand of flame (0/48)
 c - a wand of enslavement (2/24)
 d - a wand of random effects (0/48)
 w - a wand of digging (18/24)
Scrolls
 e - 3 scrolls of fear {unknown}
 g - 3 scrolls of teleportation {unknown}
 i - a scroll of magic mapping {unknown}
 j - 7 scrolls of identify {unknown}
 m - 6 scrolls of remove curse {unknown}
 n - a scroll of enchant weapon {unknown}
 z - a scroll of amnesia {unknown}
Potions
 h - a potion of ambrosia {unknown}
 k - 3 potions of haste
 o - 2 potions of flight {unknown}
 r - a potion of invisibility {unknown}
 t - a potion of magic {unknown}
 u - a potion of agility {unknown}
 v - a potion of might {unknown}
 x - 2 potions of curing {unknown}
Books
 p - a book of Misfortune

   Spells                             Type                      Level
   a - Confusing Touch                Hexes                        1
   b - Confuse                        Hexes                        3
   c - Gell's Gravitas                Translocation                3
   d - Petrify                        Transmutation/Earth          4
   e - Metabolic Englaciation         Hexes/Ice                    5
   f - Yara's Violent Unravelling     Hexes/Transmutation          5
Miscellaneous
 s - a plain deck of summoning {drawn: 1}
Comestibles
 f - 3 bread rations
 l - 8 fruits
 q - 4 meat rations
 A - a royal jelly
 C - 2 chunks of flesh


   Skills:
 + Level 4.4 Fighting
 + Level 4.4 Short Blades
 + Level 4.8 Dodging
 * Level 9.5 Stealth
 + Level 6.2 Evocations


You had 8 spell levels left.
You didn't know any spells.

Dungeon Overview and Level Annotations

Branches:
Dungeon (5/15)             Temple (1/1) D:4

Altars:
Ashenzari
Cheibriados
Dithmenos
Fedhas
Gozag
Hepliaklqana
Kikubaaqudgha
Makhleb
Nemelex Xobeh
Okawaru
Qazlal
Ru
Sif Muna
Trog
Uskayaw
Vehumet
Xom
Yredelemnul
Zin
The Shining One

Shops:
D:4 (

Annotations:
D:4 Duvessa
D:5 Minion's ghost, novice HOFi


Innate Abilities, Weirdness & Mutations

You cannot wear most types of armour.
You are very stealthy in the water. (Stealth+)
You are amphibious.
You can wear up to eight rings at the same time.
You can use your tentacles to constrict eight enemies at once.
Your skin changes colour to match your surroundings (Stealth+).
Your rubbery body absorbs attacks. (AC +1, EV +1)


Message History

The centaur shoots an arrow.
The arrow hits you!
* * * LOW HITPOINT WARNING * * *
The centaur shoots an arrow.
The arrow barely misses you.
Found 8 gold pieces.
You see here an arrow.
The centaur shoots an arrow.
The arrow hits your adder!
Your adder dies!
You see here 19 arrows.
Evoke which item? (* to show all) (? for menu, Esc to quit)
Okay, then.
Evoke which item? (* to show all) (? for menu, Esc to quit)
You draw a card...
It is the Pentagram.
The centaur shoots an arrow.
The arrow misses you. The arrow hits your hell hound!
Some of the chunks of flesh in your inventory have rotted away.
The centaur shoots an arrow.
The arrow hits you!
* * * LOW HITPOINT WARNING * * *
Your hell hound closely misses the chaos spawn.
The centaur shoots an arrow.
The arrow hits you!
You die...
Your body disappears without a glow.

.......... ..........
%........######.
...........#....
.[.....c.#...#
.......(....###
#.##...((.....#
##.....4(......##
.....$.h@.......
.###.##...$......#.
......#..........#
.#..[..............
#......#...........
...(...#...#####.......
..#.<...............
..#.................
.....>.............


You could see a chaos spawn, a centaur and a friendly hell hound.

Vanquished Creatures
  The ghost of Gerodin the Magician, an amateur HuWz (D:4)
  Sigmund (D:3)
  4 ogres
  A gnoll sergeant (D:4)
  A bullfrog zombie (D:5)
  2 hounds
  2 orc priests (D:4)
  2 gnoll shamans (D:4)
  2 orc wizards
  A centaur skeleton (D:4)
  Jessica (D:3)
  An iguana (D:5)
  2 worker ants (D:4)
  Robin (D:4)
  7 adders
  27 gnolls (D:4)
  An ooze (D:4)
  3 dart slugs
  3 leopard geckos
  10 orcs
  9 bats
  4 giant cockroaches
  10 goblins
  6 hobgoblins
  21 jackals
  6 quokkas
  2 ball pythons (D:2)
  5 frilled lizards
  7 kobolds
  10 rats
153 creatures vanquished.

Vanquished Creatures (collateral kills)
  An ogre (D:3)
  Dowan (D:4)
  A gnoll shaman (D:4)
  3 gnolls (D:4)
6 creatures vanquished.

Vanquished Creatures (others)
  5 dream sheep (D:4)
  A hound (D:4)
  2 gnolls (D:4)
  A gnoll shaman (D:4)
  An adder (D:5)
10 creatures vanquished.

Grand Total: 169 creatures vanquished

Notes
Turn   | Place    | Note
-------+----------+-------------------------------------------
     0 | D:1      | NullDivider the Octopode Artificer began the quest for the Orb.
     0 | D:1      | Reached XP level 1. HP: 13/13 MP: 3/3
   205 | D:1      | Reached skill level 2 in Stealth
   205 | D:1      | Reached XP level 2. HP: 18/18 MP: 4/4
   774 | D:1      | Reached XP level 3. HP: 19/23 MP: 5/5
  1263 | D:2      | Reached skill level 3 in Stealth
  1896 | D:2      | Reached XP level 4. HP: 28/28 MP: 6/6
  2024 | D:2      | Found a blossoming altar of Fedhas.
  2031 | D:2      | Found a snail-covered altar of Cheibriados.
  2215 | D:3      | Found a burning altar of Makhleb.
  2285 | D:3      | Noticed Sigmund
  2542 | D:3      | Noticed Jessica
  2551 | D:3      | Killed Jessica
  2551 | D:3      | Reached XP level 5. HP: 28/34 MP: 8/8
  2700 | D:3      | Killed Sigmund
  2700 | D:3      | Reached skill level 5 in Stealth
  2700 | D:3      | Reached XP level 6. HP: 40/40 MP: 9/9
  2852 | D:4      | Noticed Gerodin's ghost (amateur HuWz)
  3521 | D:2      | You fall through a shaft for 2 floors!
  3614 | D:4      | Noticed a dream sheep
  3614 | D:4      | Noticed a dream sheep
  3614 | D:4      | Noticed a dream sheep
  3614 | D:4      | Noticed a dream sheep
  3614 | D:4      | Noticed a dream sheep
  3614 | D:4      | Found a shimmering altar of Xom.
  3618 | D:4      | Killed a dream sheep
  3619 | D:4      | Killed a dream sheep
  3620 | D:4      | Killed a dream sheep
  3620 | D:4      | Killed a dream sheep
  3625 | D:4      | Reached skill level 6 in Stealth
  3625 | D:4      | Reached XP level 7. HP: 13/45 MP: 10/10
  3906 | D:4      | Killed Gerodin's ghost
  3906 | D:4      | Reached skill level 7 in Stealth
  3906 | D:4      | Reached skill level 5 in Evocations
  3919 | D:4      | Found a staircase to the Ecumenical Temple.
  4064 | D:4      | Reached XP level 8. HP: 52/52 MP: 11/11
  4165 | Temple   | Entered the Ecumenical Temple
  4202 | Temple   | Became a worshipper of Nemelex Xobeh the Trickster
  4251 | Temple   | Received a gift from Nemelex Xobeh
  4314 | D:4      | Found Laynioko's Antique Weapon Emporium.
  4980 | D:4      | Reached * piety under Nemelex Xobeh
  5035 | D:4      | Reached skill level 8 in Stealth
  5424 | D:4      | Noticed Robin
  5437 | D:4      | Killed Robin
  5875 | D:4      | Noticed Dowan
  5877 | D:4      | Noticed Duvessa
  5914 | D:4      | Killed Dowan
  6319 | D:4      | Reached skill level 9 in Stealth
  6700 | D:5      | Entered Level 5 of the Dungeon
  6951 | D:5      | Noticed Minion's ghost (novice HOFi)
  6960 | D:5      | Reached XP level 9. HP: 51/58 MP: 13/13
  7198 | D:5      | Shot with an arrow by a centaur

Skill      XL: |  1  2  3  4  5  6  7  8 |
---------------+-------------------------+-----
Stealth        | 2 3 5 6 7 9 |  9.5
Evocations     | 4 5 6 |  6.2
Short Blades   | 2 3 4 |  4.4
Fighting       | 2 3 4 |  4.4
Dodging        | 3 4 |  4.8

Action                   |  1- 3 |  4- 6 |  7- 9 || total
-------------------------+-------+-------+-------++-------
Melee: Short sword       |    88 |    75 |   150 ||   313
       Constrict         |    16 |    17 |    51 ||    84
       Tentacles         |    11 |    17 |    45 ||    73
       Dagger            |       |       |    65 ||    65
Evoke: Wand              |       |    15 |    28 ||    43
       Deck              |       |       |     1 ||     1
  Use: Potion            |       |       |     1 ||     1
 Stab: Sleeping          |     7 |     6 |     9 ||    22
       Distracted        |     2 |     1 |     3 ||     6
       Betrayed ally     |       |       |     2 ||     2
  Eat: Chunk             |     3 |     5 |    12 ||    20
Armor: Skin              |     6 |     7 |     7 ||    20
Dodge: Dodged            |    60 |    52 |   117 ||   229
